 Dungeon Crawl Stone Soup version 0.30-a0-1114-gd936c97349 (webtiles) character file.

Game seed: 18258322859728350978

291 LustLizard the Gusty (level 6, 0/34 HPs)
             Began as a Deep Elf Air Elementalist on Apr 20, 2023.
             Killed by their own static electricity (1 damage)
             ... on level 4 of the Dungeon.
             The game lasted 00:04:53 (3573 turns).

LustLizard the Gusty (Deep Elf Air Elementalist)    Turns: 3573, Time: 00:04:53

Health: 0/34       AC:  3    Str:  7    XL:     6   Next: 10%
Magic:  10/14      EV: 12    Int: 20    God:
Gold:   247        SH:  0    Dex: 15    Spells: 7/13 levels left

rFire   . . .      SeeInvis .    d - +0 dagger
rCold   + . .      Faith    .    (no shield)
rNeg    . . .      Spirit   .    a - +0 robe
rPois   .          Reflect  .    (no helmet)
rElec   .          Rampage  .    (no cloak)
rCorr   .                        u - +0 pair of gloves
Will    .....                    (no boots)
Stlth   +++                      (no amulet)
HPRegen 0.25/turn                n - ring of protection from cold
MPRegen 0.14/turn                (no ring)

@: no status effects
A: no striking features
a: no special abilities


You were on level 4 of the Dungeon.
You visited 1 branch of the dungeon, and saw 4 of its levels.

You collected 247 gold pieces.

Inventory:

Hand Weapons
 d - a +0 dagger (weapon)
Armour
 a - a +0 robe (worn)
 u - a +0 pair of gloves (worn)
Jewellery
 n - a ring of protection from cold (left hand)
Wands
 r - a wand of flame (3)
Scrolls
 e - 3 scrolls of identify {unknown}
 g - a scroll of fear {unknown}
 j - a scroll of enchant armour {unknown}
 k - 2 scrolls of poison {unknown}
 l - a scroll of fog {unknown}
 o - a scroll of teleportation {unknown}
 s - a scroll of amnesia {unknown}
Potions
 c - 3 potions of invisibility {unknown}
 f - a potion of degeneration {unknown}
 h - 2 potions of resistance {unknown}
 i - 2 potions of lignification {unknown}
 m - 2 potions of haste {unknown}
 p - a potion of cancellation {unknown}
 q - 2 potions of heal wounds {unknown}
 t - 2 potions of might {unknown}


   Skills:
 + Level 1.6 Fighting
 - Level 2.4 Dodging
 + Level 3.8 Stealth
 + Level 4.1 Spellcasting
 + Level 3.4 Conjurations
 * Level 4.5 Air Magic


You had 7 spell levels left.
You knew the following spells:

 Your Spells              Type           Power      Damage    Failure   Level
a - Shock                 Conj/Air       80%        1d8       2%          1
b - Static Discharge      Conj/Air       40%        2-4/arc   3%          2
c - Swiftness             Air            22%        N/A       6%          3

Your spell library contained the following spells:

 Spells                   Type           Power      Damage    Failure   Level
 Vhi's Electric Charge    Tloc/Air       26%        N/A       16%         3
 Ensorcelled Hibernation  Hex/Ice        8%         N/A       19%         2
 Airstrike                Air            11%        2d(2-18)  19%         4
 Spider Form              Tmut/Pois      4%         N/A       36%         3
 Arcjolt                  Conj/Air       10%        1d20      56%         5
 Anguish                  Hex/Necr       2%         N/A       77%         4
 Maxwell's Capacitive Co  Air            11%        ∞         100%        8


Dungeon Overview and Level Annotations

Branches:
Dungeon (4/15)
 Temple: D:4-7

Altars:

Annotations:
D:3 3 runed translucent doors, NinjaNoafa's ghost, amateur DsFE; cheesebisquit's ghost, weakling DjFE


Message History

You miscast Static Discharge.
You are very lightly contaminated with residual magic.
Nothing appears to happen.
The gnoll bouda barely misses you.
Unknown command.
Casting: Static Discharge (safe; 3% risk of failure)
Confirm with . or Enter, or press ? or * to list all spells.
The gnoll bouda is struck by an arc of lightning.
The gnoll bouda is severely wounded.
You are struck by an arc of lightning.
The gnoll bouda is struck by an arc of lightning.
The gnoll bouda is almost dead.
The lightning grounds out.
The gnoll bouda prays to its god.
The gnoll bouda is healed somewhat.
You hit the gnoll bouda but do no damage.
The gnoll bouda is severely wounded.
The gnoll bouda hits you with a +0 club.
You barely miss the gnoll bouda.
The gnoll bouda is severely wounded.
The gnoll bouda barely misses you.
You hit the gnoll bouda but do no damage.
The gnoll bouda is severely wounded.
The gnoll bouda hits you with a +0 club!
Magic courses through your body.
The gnoll bouda utters an invocation to its god.
The gnoll bouda is healed somewhat.
Casting: Static Discharge (safe; 3% risk of failure)
Confirm with . or Enter, or press ? or * to list all spells.
The gnoll bouda is struck by an arc of lightning.
The gnoll bouda is severely wounded.
You are struck by an arc of lightning.
The lightning grounds out.
The gnoll bouda hits you with a +0 club!
* * * LOW HITPOINT WARNING * * *
Your magical contamination has completely faded away.
Casting: Static Discharge (safe; 3% risk of failure)
Confirm with . or Enter, or press ? or * to list all spells.
The gnoll bouda is struck by an arc of lightning.
The gnoll bouda is almost dead.
You are struck by an arc of lightning.
You die...

#.........#...####...
#....####...#........#
.....####.#...........
.......#..#......##...#
... #....#............
... ##)##............
#.####..#)......##.# .
#.......#..##..[...###..
#..#.##.@....##.<........
.. #g####..#....###...
#.. $.)#.##........##...
#. ............##........
................##.......
........#......##......#
.......##......#.......#
......
.......................#
.......
........................


You could see a gnoll bouda.

Vanquished Creatures
  A scorpion (D:4)
  An orc priest (D:2)
  A hound (D:4)
  2 iguanas (D:4)
  3 adders
  3 gnolls (D:4)
  2 dart slugs
  9 orcs
  5 ball pythons
  2 bats
  3 endoplasms
  4 giant cockroaches (D:1)
  2 goblins
  4 hobgoblins
  4 quokkas
  7 frilled lizards
  3 kobolds
  2 rats (D:1)
58 creatures vanquished.

Vanquished Creatures (others)
  5 withered plants (D:3)
5 creatures vanquished.

Grand Total: 63 creatures vanquished

Notes
Turn   | Place    | Note
-------+----------+-------------------------------------------
     0 | D:1      | LustLizard the Deep Elf Air Elementalist began the quest
                  | for the Orb.
     0 | D:1      | Reached XP level 1. HP: 10/10 MP: 6/6
   349 | D:1      | Reached XP level 2. HP: 15/15 MP: 0/8
   543 | D:1      | Learned a level 2 spell: Static Discharge
  1178 | D:2      | Reached XP level 3. HP: 20/20 MP: 4/9
  1908 | D:3      | Reached XP level 4. HP: 24/24 MP: 8/11
  1912 | D:3      | Learned a level 3 spell: Swiftness
  1934 | D:3      | Found a runed translucent gate.
  1934 | D:3      | Found a runed translucent gate.
  1934 | D:3      | Found a runed translucent gate.
  1935 | D:3      | Noticed NinjaNoafa's ghost (amateur DsFE)
  1935 | D:3      | Noticed cheesebisquit's ghost (weakling DjFE)
  2140 | D:3      | Noticed a scorpion
  2302 | D:3      | Reached skill level 1 in Fighting
  3124 | D:4      | Reached XP level 5. HP: 27/29 MP: 3/12
  3458 | D:4      | Reached XP level 6. HP: 29/34 MP: 4/14
  3572 | D:4      | HP: 1/34 [gnoll bouda/+0 club (11)]
  3573 | D:4      | Killed from afar by themself

Illustrated notes

Levels and vault maps discovered:
D:1:      minmay_arrival_radiant_lines, layout_loops_ring, minmay_vboxes
D:2:      layout_loops_ring, kennysheep_doodads
D:3:      minmay_door_path, layout_basic, gammafunk_ghost_cemetery,
          kennysheep_generic_room_15
D:4:      layout_cave_pools, nicolae_sif_muna_little_library

Skill      XL: |  1  2  3  4  5 |
---------------+----------------+-----
Conjurations   | 2 3 |  3.4
Stealth        | 3 |  3.8
Fighting       | 1 |  1.6
Air Magic      | 4 |  4.5
Spellcasting   | 4 |  4.1
Dodging        | |  2.4

Action                     |  1- 3 |  4- 6 || total
---------------------------+-------+-------++-------
  Melee: Dagger            |     9 |     6 ||    15
   Cast: Shock             |    71 |    71 ||   142
         Static Discharge  |       |    14 ||    14
    Use: Potion            |       |     1 ||     1
 Armour: Robe              |     4 |     1 ||     5
  Dodge: Dodged            |    19 |    11 ||    30

Table legend: (Time is in decaauts)
 A = Elapsed time spent in this place.
 B = Non-inter-level travel time spent in this place.
 C = Inter-level travel time spent in this place.
 D = Time resting spent in this place.
 E = Time spent auto-exploring this place.
 F = Levels seen in this place.
 G = Mean time per level.
                   A        B        C        D        E       F      G
               +--------+--------+--------+--------+--------+-----+--------+
         Total |   3571 |   3496 |     75 |     68 |   3003 |   4 |  892.8 |
       Dungeon |   3571 |   3496 |     75 |     68 |   3003 |   4 |  892.8 |
               +--------+--------+--------+--------+--------+-----+--------+

Top non-repeatable levels by time:
     D:3: 1209 daAuts
     D:1: 1088 daAuts
     D:2: 814 daAuts
     D:4: 458 daAuts
